 Dungeon Crawl Stone Soup version 0.20.1-1-g8b1a95d (webtiles) character file.

94495 Ladykiller69 the Brawler (level 15, -7/154 HPs)
             Began as a Troll Monk on July 14, 2017.
             Was the Champion of Ru.
             Killed from afar by Nikola (17 damage)
             ... with a chain lightning
             ... on level 2 of the Swamp.
             The game lasted 01:23:56 (19435 turns).

Ladykiller69 the Brawler (Troll Monk)              Turns: 19435, Time: 01:23:58

Health: -7/154     AC: 10    Str: 24    XL:     15   Next: 63%
Magic:  14/14      EV: 17    Int:  6    God:    Ru [******]
Gold:   1561       SH:  4    Dex: 16    Spells: 14/14 levels left

rFire    . . .     SeeInvis .     - Unarmed
rCold    + . .     Gourm    +   (shield unavailable)
rNeg     . . .     Faith    .   N - +1 troll leather armour
rPois    .         Spirit   .   h - +1 hat
rElec    .         Reflect  +   p - +0 cloak
rCorr    .         Harm     .   (gloves unavailable)
MR       +....                  (boots unavailable)
Stlth    +.........             C - +4 amulet of reflection
Regen    1.2/turn               (ring unavailable)
MPRegen  0.2/turn               z - ring of protection from cold

@: studying Polearms, drained
A: unfitting armour, claws 3, fast metabolism 3, gourmand, regeneration 1,
shaggy fur 1, tough skin 2, missing a hand, inability to use devices, unskilled
1
a: Draw Out Power, Power Leap, Apocalypse, Renounce Religion


You were on level 2 of the Swamp.
You worshipped Ru.
Ru was exalted by your worship.
You were completely stuffed.

You visited 4 branches of the dungeon, and saw 25 of its levels.
You also visited: Labyrinth, Sewer and Volcano.

You collected 1591 gold pieces.
You spent 30 gold pieces at shops.

Inventory:

Hand Weapons
 j - the +8 whip "Snakebite" {curare, rPois}
   (You found it on level 5 of the Lair of Beasts)

   It poisons the flesh of those it strikes.
   It protects you from poison.
 w - a +0 hunting sling
Missiles
 x - 443 stones (quivered)
 y - 28 javelins
 B - 159 sling bullets
 Y - 16 large rocks
Armour
 h - a +1 hat (worn)
 p - a +0 cloak (worn)
 F - the +1 robe "Tyxad" {rElec rN+ Int+2 Slay-3}
   (You found it on level 5 of the Lair of Beasts)

   It affects your intelligence (+2).
   It affects your accuracy and damage with ranged weapons and melee attacks
   (-3).
   It insulates you from electricity.
   It protects you from negative energy.
 N - a +1 troll leather armour (worn)
Magical Staves
 Z - an uncursed staff of cold
Jewellery
 a - an uncursed ring of see invisible
 z - a ring of protection from cold (right claw)
 C - a +4 amulet of reflection (around neck)
 I - an uncursed ring of positive energy
 T - an uncursed ring of resist corrosion
 X - an uncursed ring of protection from magic
Scrolls
 e - 4 scrolls of amnesia
 f - 5 scrolls of blinking
 g - 3 scrolls of fog
 i - 5 scrolls of enchant weapon
 o - 12 scrolls of remove curse
 t - 5 scrolls of fear
 u - 2 scrolls of enchant armour
 E - 4 scrolls of teleportation
 H - 3 scrolls of immolation
 J - 2 scrolls of holy word
 M - a scroll of magic mapping
 P - a scroll of acquirement {unknown}
Potions
 c - a potion of cancellation {unknown}
 k - 6 potions of curing
 n - 2 potions of lignification
 q - 4 potions of brilliance
 r - 11 potions of heal wounds
 s - 4 potions of flight
 v - 3 potions of haste {unknown}
 D - 4 potions of agility
 G - 4 potions of might
 K - 3 potions of berserk rage {unknown}
 L - a potion of invisibility {unknown}
 O - 2 potions of resistance
 S - 2 potions of mutation {unknown}
Books
 A - a book of the Tempests

   Spells                             Type                      Level
   a - Static Discharge               Conjuration/Air              3
   b - Lightning Bolt                 Conjuration/Air              5
   c - Ignition                       Fire                         8
   d - Tornado                        Air                          9
   e - Shatter                        Earth                        9
 U - a book of Debilitation

   Spells                             Type                      Level
   a - Corona                         Hexes                        1
   b - Slow                           Hexes                        2
   c - Inner Flame                    Hexes/Fire                   3
   d - Portal Projectile              Hexes/Translocation          3
   e - Cause Fear                     Hexes                        4
   f - Leda's Liquefaction            Hexes/Earth                  4
 V - a Young Poisoner's Handbook

   Spells                             Type                      Level
   a - Sting                          Conjuration/Poison           1
   b - Poisonous Vapours              Poison/Air                   2
   c - Mephitic Cloud                 Conjuration/Poison/Air       3
   d - Olgreb's Toxic Radiance        Poison                       4
   e - Venom Bolt                     Conjuration/Poison           5
 W - a manual of Polearms
Comestibles
 b - 9 bread rations
 d - 42 fruits
 l - 11 meat rations
 m - 9 royal jellies
 Q - 2 chunks of flesh


   Skills:
 + Level 11.4(11.2) Fighting
 + Level 11.2(11.0) Dodging
 - Level 0.9(0.7) Stealth
 * Level 17.6(17.4) Unarmed Combat


You had 14 spell levels left.
You didn't know any spells.

Dungeon Overview and Level Annotations

Branches:
Dungeon (15/15)            Temple (0/1) D:6            Lair (6/6) D:10
  Swamp (2/4) Lair:3       Spider (0/4) Lair:3        Slime (0/5) Lair:5
    Orc (2/2) D:12         Vaults (0/5) D:13         Depths (0/5) D:15
    Elf: Orc:2

Altars:
Ashenzari
Elyvilon
Fedhas
Hepliaklqana
Nemelex Xobeh
Ru
Sif Muna
Xom
Yredelemnul

Shops:
D:4 (   D:9 ?   D:10 (   D:11 }

Annotations:
Lair:3 exclusion: 2 oklob plants
Lair:6 exclusion: 5 oklob plants
Swamp:2 Nikola
Orc:2 Fingolfin's ghost, journeyman MiFi


Innate Abilities, Weirdness & Mutations

You are too large for most types of armour.
You have claws for hands.
Your metabolism is lightning-fast.
You like to eat raw meat.
Your natural rate of healing is unusually fast.
You are covered in fur. (AC +1)
You have very tough skin. (AC +2)
You are missing a hand.
You cannot study or use magical devices.
You are somewhat unskilled. (-1 Apt)


Message History

Unknown command.
Nikola the Mad Inventor comes into view.
He is wielding a rapier of electrocution.
Nikola shouts!
Nikola moves out of view.
Nikola is too close now for your liking.
Okay, then.
You redirect Nikola's attack!
You mangle Nikola!!
Nikola is lightly wounded.
You barely miss Nikola.
Nikola is lightly wounded.
Nikola says, "You don't look like a good insulator."
Nikola gestures wildly while chanting.
You hear a mighty clap of thunder!
The lightning arc hits you!
* * * LOW HITPOINT WARNING * * *
The lightning arc hits Nikola.
The lightning arc hits you!
* * * LOW HITPOINT WARNING * * *
The lightning arc hits Nikola.
The lightning arc hits you!
You die...

≈.≈≈≈.♣ ....≈≈.♣♣
≈≈.≈≈.≈♣ .@≈≈≈≈♣
♣.≈.≈♣♣ ♣...≈♣♣ . ♣♣
♣♣♣♣♣....♣♣♣♣
.≈♣♣♣≈♣♣≈.♣♣@..>.≈.♣
♣.....♣≈..@.♣♣.≈≈≈♣
♣..≈≈....≈=.♣♣.≈≈.♣
♣≈≈≈≈≈.....≈≈.≈..♣♣
♣♣.....≈≈≈......♣♣
♣♣♣♣♣♣.≈≈≈≈.....♣
♣≈♣.≈≈≈≈≈≈.≈
♣♣♣.≈≈≈≈≈≈≈.
♣..≈≈≈≈≈.≈
♣.........


You could see Nikola.

Vanquished Creatures
  2 stone giants
  A juggernaut skeleton (D:15)
  Nessos (Lair:4)
  A minotaur (Lab)
  13 hydras
  3 catoblepae
  A ghost crab (Swamp:1)
  2 dancing weapons (D:13)
  2 tengu warriors (D:14)
  The ghost of appiemonkey the Blocker, a novice MiFi of Okawaru (D:10)
  An ogre mage (Orc:2)
  11 two-headed ogres
  The ghost of rezek the Covert, a journeyman KoBe of Trog (Volcano)
  7 alligators
  6 death yaks (Lair:6)
  A deep troll shaman (Lair:6)
  5 skeletal warriors (D:15)
  3 unseen horrors
  A flayed ghost (D:15)
  A necromancer (D:15)
  A wolf spider zombie (D:15)
  A wolf spider (D:15)
  2 cyclopes
  9 ugly things
  2 elephants (Lair:6)
  6 black mambas
  3 centaur zombies
  13 spiny frogs
  An efreet (Volcano)
  2 rime drakes
  An ice devil (D:14)
  7 komodo dragons
  6 jumping spiders (Lair:3)
  3 meliai
  7 trolls
  A tyrant leech (Swamp:1)
  5 polar bears
  A hornet (Swamp:1)
  A bog body (Swamp:1)
  8 blink frogs
  9 hippogriffs
  17 slime creatures
  9 dream sheep
  A shadow (D:14)
  Sigmund (D:2)
  A redback (Lair:3)
  37 yaks
  3 wyverns
  A wraith (D:15)
  2 ynoxinuls
  Eustachio (D:4)
  A fire elemental (Volcano)
  8 hungry ghosts
  4 basilisks
  Edmund (D:4)
  2 vampire mosquitoes (Swamp:1)
  A soldier ant (D:14)
  5 porcupines
  Duvessa (D:6)
  19 water moccasins
  12 orc warriors
  2 hell hounds (Lair:4)
  2 swamp drakes (Swamp:1)
  A black bear (Lair:6)
  2 ice beasts
  5 sky beasts
  An eye of draining (D:11)
  A necrophage (D:5)
  A phantom (D:4)
  The ghost of Turgon the Twirler, an amateur DgWz (D:5)
  25 ogres
  13 wolves
  8 centaurs
  11 crocodiles
  Blork the orc (D:14)
  5 big kobolds
  An earth elemental (Volcano)
  19 bullfrogs
  2 gnoll sergeants
  A wyvern zombie (D:14)
  Dowan (D:6)
  A water moccasin zombie (D:10)
  A wyvern skeleton (D:14)
  6 scorpions
  23 killer bees
  5 wights (D:6)
  3 electric eels (D:10)
  A howler monkey (D:11)
  4 crimson imps
  12 hounds
  2 bullfrog zombies (D:8)
  4 bullfrog skeletons
  6 jellies
  6 centaur skeletons
  6 orc priests
  Crazy Yiuf (D:4)
  A gnoll shaman (D:5)
  9 orc wizards
  Jessica (D:3)
  2 iguanas
  Natasha (D:3)
  8 worker ants
  A killer bee zombie (D:10)
  3 hound skeletons
  21 gnolls
  13 adders
  A howler monkey skeleton (D:11)
  3 river rats
  6 shadow imps
  4 oozes
  An adder skeleton (D:9)
  3 worms
  3 dart slugs
  4 leopard geckos
  39 orcs
  5 giant cockroaches
  2 gnoll zombies (D:2)
  8 goblins
  5 hobgoblins
  19 jackals
  13 kobolds
  4 quokkas
  A ball python (D:1)
  5 bats
  3 frilled lizards
  A leopard gecko zombie (D:6)
  A quokka skeleton (D:4)
  12 rats
  15 fungi
  14 plants
696 creatures vanquished.

Vanquished Creatures (others)
  A centaur warrior (D:15)
  Urug (D:13)
  An ugly thing (Swamp:1)
  A gargoyle (Volcano)
  A troll (D:12)
  2 hippogriffs
  A vampire mosquito (Swamp:1)
  An earth elemental (Volcano)
  A hound (D:9)
  A gnoll (D:10)
  6 fungi
  3 plants (Lair:6)
20 creatures vanquished.

Grand Total: 716 creatures vanquished

Notes
Turn   | Place    | Note
-------+----------+-------------------------------------------
     0 | D:1      | Ladykiller69 the Troll Monk began the quest for the Orb.
     0 | D:1      | Reached XP level 1. HP: 22/22 MP: 0/0
   157 | D:1      | Reached XP level 2. HP: 28/29 MP: 1/1
   629 | D:1      | Reached XP level 3. HP: 36/36 MP: 2/2
   832 | D:2      | Found a sacrificial altar of Ru.
   888 | D:2      | Found a shattered altar of Ashenzari.
   889 | D:2      | Reached skill level 4 in Unarmed Combat
   942 | D:2      | Became a worshipper of Ru the Awakened
   961 | D:2      | Gained mutation: You are missing a hand. [Ru sacrifice]
   961 | D:2      | Reached * piety under Ru
   961 | D:2      | Reached ** piety under Ru
  1115 | D:2      | Found a sparkling altar of Nemelex Xobeh.
  1138 | D:2      | Reached XP level 4. HP: 42/45 MP: 3/3
  1227 | D:2      | Noticed Sigmund
  1262 | D:2      | Killed Sigmund
  1262 | D:2      | Reached skill level 5 in Unarmed Combat
  1262 | D:2      | Reached XP level 5. HP: 15/53 MP: 4/4
  1390 | D:2      | Found a basalt altar of Yredelemnul.
  1524 | D:3      | Reached XP level 6. HP: 58/61 MP: 5/5
  1574 | D:3      | Noticed Jessica
  1597 | D:3      | Killed Jessica
  1706 | D:3      | Found a basalt altar of Yredelemnul.
  1828 | D:3      | Noticed Natasha
  1837 | D:3      | Killed Natasha
  1919 | D:3      | Found a glowing drain.
  1931 | Sewer    | Entered a sewer
  2003 | Sewer    | Reached skill level 6 in Unarmed Combat
  2003 | Sewer    | Reached XP level 7. HP: 68/70 MP: 6/6
  2027 | Sewer    | Found a glowing silver altar of Zin.
  2408 | D:4      | Noticed Eustachio
  2416 | D:4      | Killed Eustachio
  2499 | D:4      | Gained mutation: You cannot study or use magical devices. [Ru sacrifice]
  2499 | D:4      | Reached *** piety under Ru
  2499 | D:4      | Reached **** piety under Ru
  2499 | D:4      | Reached ***** piety under Ru
  2604 | D:4      | Found a runed door.
  2608 | D:4      | Noticed Crazy Yiuf
  2614 | D:4      | Killed Crazy Yiuf
  2661 | D:4      | Found Weamonis's Antique Weapon Boutique.
  2664 | D:4      | Noticed Edmund
  2669 | D:4      | Killed Edmund
  2669 | D:4      | Reached skill level 7 in Unarmed Combat
  2903 | D:4      | Bought a hunting sling for 30 gold pieces
  2965 | D:5      | Entered Level 5 of the Dungeon
  3011 | D:5      | Noticed Turgon's ghost (amateur DgWz)
  3027 | D:5      | Killed Turgon's ghost
  3027 | D:5      | Reached XP level 8. HP: 76/79 MP: 7/7
  3350 | D:5      | Reached skill level 5 in Fighting
  3350 | D:5      | Reached skill level 8 in Unarmed Combat
  3669 | D:6      | Noticed Duvessa
  3683 | D:6      | Killed Duvessa
  3683 | D:6      | Reached skill level 5 in Dodging
  3693 | D:6      | Noticed Dowan
  3697 | D:6      | Killed Dowan
  3720 | D:6      | Found a staircase to the Ecumenical Temple.
  3851 | D:6      | Reached skill level 9 in Unarmed Combat
  3851 | D:6      | Reached XP level 9. HP: 83/88 MP: 8/8
  4072 | D:7      | Gained mutation: You are somewhat unskilled. (-1 Apt) [Ru sacrifice]
  4072 | D:7      | Reduced skill Unarmed Combat to level 8
  4072 | D:7      | Reached ****** piety under Ru
  4157 | D:7      | Reached skill level 9 in Unarmed Combat
  5491 | D:9      | Reached XP level 10. HP: 98/98 MP: 9/9
  5507 | D:9      | Found Pianiel's Magic Scroll Emporium.
  5528 | D:9      | Found a white marble altar of Elyvilon.
  5530 | D:9      | Found a shimmering altar of Xom.
  5530 | D:9      | Found a blossoming altar of Fedhas.
  5539 | D:9      | Reached skill level 10 in Unarmed Combat
  6239 | D:10     | Entered Level 10 of the Dungeon
  6507 | D:10     | Reached skill level 11 in Unarmed Combat
  6556 | D:10     | Noticed appiemonkey's ghost (novice MiFi)
  6626 | D:10     | Killed appiemonkey's ghost
  6654 | D:10     | Found a staircase to the Lair.
  6666 | D:10     | Reached XP level 11. HP: 107/107 MP: 10/10
  6916 | D:10     | Found Ozomut's Weapon Boutique.
  6929 | D:10     | Noticed a two-headed ogre
  6934 | D:10     | Killed a two-headed ogre
  7276 | D:10     | Noticed a two-headed ogre
  7280 | D:10     | Killed a two-headed ogre
  7492 | D:11     | Noticed a white ugly thing
  7503 | D:11     | HP: 5/109 [white ugly thing (23)]
  7517 | D:11     | Killed a white ugly thing
  7747 | D:11     | Reached skill level 12 in Unarmed Combat
  7883 | D:11     | Found Lath's Gadget Shoppe.
  8265 | D:12     | Noticed a two-headed ogre
  8274 | D:12     | Killed a two-headed ogre
  8354 | D:12     | Found a staircase to the Orcish Mines.
  8355 | D:12     | Identified the Volume of Enthralling Changing
  8370 | D:12     | Noticed a two-headed ogre
  8385 | D:12     | Killed a two-headed ogre
  8795 | D:12     | Noticed a three-headed hydra
  8801 | D:12     | Killed a seven-headed hydra
  8801 | D:12     | Reached XP level 12. HP: 93/119 MP: 2/11
  8836 | D:13     | Noticed Urug
  8841 | D:13     | Killed Urug
  9004 | Lair:1   | Entered Level 1 of the Lair of Beasts
  9085 | Lair:1   | Reached skill level 13 in Unarmed Combat
  9871 | Lair:2   | Noticed a four-headed hydra
  9881 | Lair:2   | Killed a four-headed hydra
 10201 | Lair:2   | Noticed a six-headed hydra
 10425 | Lair:2   | Killed a ten-headed hydra
 10556 | Lair:2   | Noticed a five-headed hydra
 10661 | Lair:2   | Killed a five-headed hydra
 10661 | Lair:2   | Reached skill level 14 in Unarmed Combat
 10838 | Lair:3   | Found a hole to the Spider Nest.
 11235 | Lair:3   | Reached XP level 13. HP: 131/131 MP: 12/12
 11303 | Lair:3   | Found a staircase to the Swamp.
 11449 | Lair:3   | Found a hazy altar of Hepliaklqana.
 11519 | Lair:4   | Noticed Nessos
 11535 | Lair:4   | Killed Nessos
 11626 | Lair:4   | Found a labyrinth entrance.
 11630 | Lab      | Entered a labyrinth
 11834 | Lab      | Noticed a minotaur
 11847 | Lab      | Killed a minotaur
 11960 | Lair:4   | Found a dark tunnel.
 11971 | Volcano  | Entered a volcano
 11984 | Volcano  | Noticed rezek's ghost (journeyman KoBe)
 12000 | Volcano  | Killed rezek's ghost
 12061 | Volcano  | Noticed a stone giant
 12081 | Volcano  | Killed a stone giant
 12700 | Lair:5   | Found a staircase to the Slime Pits.
 12753 | Lair:5   | Got a shimmering robe
 12764 | Lair:5   | Identified the cursed +1 robe "Tyxad" {rElec rN+ Int+2 Slay-3} (You found it on level 5 of the Lair of Beasts)
 13536 | Lair:6   | Entered Level 6 of the Lair of Beasts
 13588 | Lair:6   | Reached skill level 15 in Unarmed Combat
 13988 | Lair:6   | Reached skill level 10 in Fighting
 13988 | Lair:6   | Reached XP level 14. HP: 102/143 MP: 13/13
 14136 | Lair:6   | Reached skill level 10 in Dodging
 15162 | Orc:1    | Entered Level 1 of the Orcish Mines
 15360 | Orc:2    | Entered Level 2 of the Orcish Mines
 15437 | Orc:2    | Noticed Fingolfin's ghost (journeyman MiFi)
 15488 | Orc:1    | Reached skill level 16 in Unarmed Combat
 15718 | D:13     | Found a gate to the Vaults.
 16003 | D:13     | Noticed a stone giant
 16011 | D:13     | Killed a stone giant
 17443 | D:14     | Noticed Blork the orc
 17450 | D:14     | Killed Blork the orc
 17451 | D:14     | Found a deep blue altar of Sif Muna.
 17457 | D:15     | Entered Level 15 of the Dungeon
 17508 | D:15     | Found a staircase to the Depths.
 17521 | D:15     | Reached XP level 15. HP: 37/152 MP: 9/14
 17756 | D:15     | Reached skill level 17 in Unarmed Combat
 18422 | Swamp:1  | Entered Level 1 of the Swamp
 19427 | Swamp:2  | Noticed Nikola
 19435 | Swamp:2  | Killed from afar by Nikola

Skill      XL: |  1  2  3  4  5  6  7  8  9 10 11 12 13 14 15 |
---------------+----------------------------------------------+-----
Fighting       | 3 4 5 6 8 9 10 11 | 11.4
Unarmed Combat | 4 5 6 7 9 9 11 12 14 15 16 17 | 17.6
Dodging        | 3 4 5 6 7 8 9 10 11 | 11.2
Stealth        | 0 |  0.9

Action                   |  1- 3 |  4- 6 |  7- 9 | 10-12 | 13-15 || total
-------------------------+-------+-------+-------+-------+-------++-------
Melee: Unarmed           |    94 |   134 |   312 |   546 |  1062 ||  2148
       Punch             |     1 |       |       |       |       ||     1
 Fire: Hunting sling     |       |       |     3 |       |       ||     3
Throw: Javelin           |       |       |       |       |     7 ||     7
       Stone             |       |       |       |       |     5 ||     5
       Large rock        |       |       |       |       |     2 ||     2
Invok: Sacrifice a Hand  |     1 |       |       |       |       ||     1
       Power Leap        |       |       |     5 |    18 |    24 ||    47
       Sacrifice Artific |       |       |     1 |       |       ||     1
       Sacrifice Skill   |       |       |     1 |       |       ||     1
       Apocalypse        |       |       |       |     4 |     8 ||    12
       Draw Out Power    |       |       |       |     1 |       ||     1
  Use: Scroll            |       |       |       |    15 |    12 ||    27
       Potion            |       |       |       |       |     1 ||     1
 Stab: Sleeping          |     4 |     1 |     1 |     3 |     2 ||    11
       Invisible         |     1 |       |     1 |     8 |    15 ||    25
       Paralysed         |       |       |     7 |    22 |    20 ||    49
       Distracted        |       |       |     2 |     2 |     7 ||    11
       Petrified         |       |       |       |       |    12 ||    12
       Petrifying        |       |       |       |       |     1 ||     1
  Eat: Chunk             |    16 |     8 |    38 |    52 |    94 ||   208
       Royal jelly       |       |       |       |     1 |       ||     1
Armor: Robe              |    17 |    19 |    76 |    32 |       ||   144
       Troll leather arm |       |       |       |    56 |   183 ||   239
Dodge: Dodged            |    45 |    48 |   167 |   272 |   461 ||   993
Block: Other             |       |       |       |       |    61 ||    61
       Reflection        |       |       |       |       |     1 ||     1
